3AAA
MILTON DOGFISH HEAD @ SIOUX FALLS RED PANDAS
07/26/2042
 
TOP OF THE 1ST
Milton Dogfish Head batting - Pitching for Sioux Falls Red Pandas : RHP NaNomi Lojore
Pitching: RHP NaNomi Lojore
Batting: RHB Anthony Hollis 0-0: Ball
1-0: Swinging Strike
1-1: SINGLE (Line Drive, 56, EV 102.5 MPH)
Batting: RHB Arnie Taylor 0-0: Ball
Anthony Hollis steals 2nd base
1-0: Foul Ball, location: 2F
1-1: Ground out 5-3 (Groundball, 56, EV 103.1 MPH)
Batting: RHB Colton Pennington 0-0: Ball
Wild Pitch!
Anthony Hollis to third
1-0: Ball
2-0: Foul Ball, location: 2F
2-1: Called Strike
2-2: Foul Ball, location: 2F
2-2: SINGLE (Line Drive, 7S, EV 91.9 MPH)
Anthony Hollis scores
Batting: RHB Dusan Kontic 0-0: Ball
1-0: Ball
2-0: Ball
3-0: Called Strike
3-1: Grounds into double play, 6-4-3 (Groundball, 6S, EV 88.8 MPH)
Top of the 1st over - 1 run, 2 hits, 0 errors, 0 left on base; Milton 1 - Sioux Falls 0
BOTTOM OF THE 1ST
Sioux Falls Red Pandas batting - Pitching for Milton Dogfish Head : LHP Nick Hayes
Pitching: LHP Nick Hayes
Batting: RHB Felipe Campos 0-0: Ball
1-0: DOUBLE (Line Drive, 3D, EV 100.6 MPH)
Batting: RHB Shou-xin Quian 0-0: Ball
1-0: Fly out, F9 (Flyball, 9S, EV 71.9 MPH)
Batting: RHB Myles Brundidge 0-0: Foul Ball, location: 2F
0-1: Ball
Wild Pitch!
Felipe Campos to third
1-1: Ball
2-1: Swinging Strike
2-2: Fly out, F3 (Popup, 3F, EV 68.8 MPH)
Batting: LHB Tim O'Neal 0-0: Ball
1-0: Fly out, F5 (Popup, 56, EV 76.2 MPH)
Bottom of the 1st over - 0 runs, 1 hit, 0 errors, 1 left on base; Milton 1 - Sioux Falls 0
TOP OF THE 2ND
Milton Dogfish Head batting - Pitching for Sioux Falls Red Pandas : RHP NaNomi Lojore
Batting: RHB Bobby Norris 0-0: Foul Ball, location: 2F
0-1: Ball
1-1: Foul Ball, location: 2F
1-2: TRIPLE (Flyball, 7D, EV 108.8 MPH)
Batting: RHB Ivano Pohvisnev 0-0: Swinging Strike
0-1: Ground out 4-3 (Groundball, 4, EV 81.9 MPH)
Bobby Norris scores
Batting: LHB King Rutledge 0-0: Ball
1-0: Ball
2-0: Foul Ball, location: 2F
2-1: Ball
3-1: Base on Balls
Batting: RHB Cédric Causse 0-0: Swinging Strike
0-1: Foul Ball, location: 2F
0-2: Ball
1-2: Ball
2-2: Ball
3-2: SINGLE (Line Drive, 34, EV 95.6 MPH)
King Rutledge to second
Batting: RHB Rafael Riquelme 0-0: SINGLE (Groundball, 4MD, EV 100.6 MPH)
King Rutledge to third
Cédric Causse to second
Runner from 3rd tries for Home, SAFE, throw by CF to home
Batting: RHB Anthony Hollis 0-0: Ball
1-0: Ball
2-0: Ball
3-0: Called Strike
3-1: Base on Balls
Cédric Causse to third
Rafael Riquelme to second
Batting: RHB Arnie Taylor 0-0: Called Strike
0-1: SINGLE (Groundball, 34, EV 98.8 MPH) (infield hit)
Cédric Causse scores
Rafael Riquelme to third
Anthony Hollis to second
Batting: RHB Colton Pennington 0-0: Ball
1-0: Ball
2-0: Ball
3-0: Called Strike
3-1: Base on Balls
Rafael Riquelme scores
Anthony Hollis to third
Arnie Taylor to second
Batting: RHB Dusan Kontic 0-0: Ball
1-0: Foul Ball, location: 2F
1-1: Grounds into double play, 6-4-3 (Groundball, 6, EV 86.9 MPH)
Top of the 2nd over - 4 runs, 4 hits, 0 errors, 2 left on base; Milton 5 - Sioux Falls 0
BOTTOM OF THE 2ND
Sioux Falls Red Pandas batting - Pitching for Milton Dogfish Head : LHP Nick Hayes
Batting: LHB Rich Watkins 0-0: Ball
1-0: Ball
2-0: Called Strike
2-1: SOLO HOME RUN (Flyball, 9LD, EV 98.8 MPH), Distance : 364 ft
Batting: RHB Kevin Malone 0-0: Called Strike
0-1: Fly out, F3 (Popup, 3SF, EV 75.0 MPH)
Batting: LHB Gene Ricks 0-0: Ground out 4-3 (Groundball, 4, EV 84.4 MPH)
Batting: RHB Syed Sarkar 0-0: Called Strike
0-1: SINGLE (Line Drive, 7LS, EV 101.9 MPH)
Batting: RHB Eugene Bradley 0-0: Foul Ball, location: 2F
0-1: Swinging Strike
0-2: Strikes out swinging
Bottom of the 2nd over - 1 run, 2 hits, 0 errors, 1 left on base; Milton 5 - Sioux Falls 1
TOP OF THE 3RD
Milton Dogfish Head batting - Pitching for Sioux Falls Red Pandas : RHP NaNomi Lojore
Batting: RHB Bobby Norris 0-0: Ball
1-0: Ball
2-0: Foul Ball, location: 2F
2-1: DOUBLE (Line Drive, 89D, EV 101.9 MPH)
Batting: RHB Ivano Pohvisnev 0-0: SINGLE (Groundball, 34, EV 103.8 MPH) (infield hit)
Bobby Norris to third
Batting: LHB King Rutledge 0-0: Ball
1-0: Foul Ball, location: 2F
1-1: Ball
2-1: Ball
3-1: Called Strike
3-2: SINGLE (Groundball, 6, EV 78.1 MPH) (infield hit)
Bobby Norris scores
Ivano Pohvisnev to second
Pitching: LHP José Puente
Batting: RHB Cédric Causse 0-0: Called Strike
0-1: Called Strike
0-2: Foul Ball, location: 2F
0-2: Ball
1-2: Ball
2-2: Ball
3-2: Strikes out swinging
Batting: RHB Rafael Riquelme 0-0: Swinging Strike
0-1: Called Strike
0-2: Strikes out swinging
Batting: RHB Anthony Hollis 0-0: Called Strike
0-1: Ground out 2-3 (Groundball, 2R, EV 72.5 MPH)
Top of the 3rd over - 1 run, 3 hits, 0 errors, 2 left on base; Milton 6 - Sioux Falls 1
BOTTOM OF THE 3RD
Sioux Falls Red Pandas batting - Pitching for Milton Dogfish Head : LHP Nick Hayes
Batting: RHB Felipe Campos 0-0: Ground out 1-3 (Groundball, 34S, EV 74.4 MPH)
Batting: RHB Shou-xin Quian 0-0: Fly out, F4 (Popup, 4D, EV 49.4 MPH)
Batting: RHB Myles Brundidge 0-0: Called Strike
0-1: Ground out 5-3 (Groundball, 5S, EV 68.8 MPH)
Bottom of the 3rd over - 0 runs, 0 hits, 0 errors, 0 left on base; Milton 6 - Sioux Falls 1
TOP OF THE 4TH
Milton Dogfish Head batting - Pitching for Sioux Falls Red Pandas : LHP José Puente
Batting: RHB Arnie Taylor 0-0: Foul Ball, location: 2F
0-1: Foul Ball, location: 2F
0-2: Foul Ball, location: 2F
0-2: Ball
1-2: Foul Ball, location: 2F
1-2: Foul Ball, location: 2F
1-2: Ball
2-2: Ground out 6-3 (Groundball, 6M, EV 85.0 MPH)
Batting: RHB Colton Pennington 0-0: Ball
1-0: Called Strike
1-1: Swinging Strike
1-2: Strikes out swinging
Batting: RHB Dusan Kontic 0-0: Foul Ball, location: 2F
0-1: Ball
1-1: Foul Ball, location: 2F
1-2: Ground out 4-3 (Groundball, 4, EV 89.4 MPH)
Top of the 4th over - 0 runs, 0 hits, 0 errors, 0 left on base; Milton 6 - Sioux Falls 1
BOTTOM OF THE 4TH
Sioux Falls Red Pandas batting - Pitching for Milton Dogfish Head : LHP Nick Hayes
Batting: LHB Tim O'Neal 0-0: Ball
1-0: Foul Ball, location: 2F
1-1: Foul Ball, location: 2F
1-2: Ball
2-2: SINGLE (Line Drive, 4D, EV 98.8 MPH)
Batting: LHB Rich Watkins 0-0: Swinging Strike
0-1: Ground out U3 (Groundball, 3S, EV 72.5 MPH)
Tim O'Neal to second
Batting: RHB Kevin Malone 0-0: Ball
1-0: Ball
2-0: Foul Ball, location: 2F
2-1: Swinging Strike
2-2: SINGLE (Groundball, 6MD, EV 101.9 MPH)
Tim O'Neal to third
Runner from 3rd tries for Home, throw by CF and OUT! 8-2
Kevin Malone to second
Batting: LHB Gene Ricks 0-0: Foul Ball, location: 2F
0-1: Ball
1-1: Ball
2-1: Foul Ball, location: 2F
2-2: Ball
3-2: Foul Ball, location: 2F
3-2: Foul Ball, location: 2F
3-2: Foul Ball, location: 2F
3-2: Ground out 6-3 (Groundball, 6MS, EV 85.6 MPH)
Bottom of the 4th over - 0 runs, 2 hits, 0 errors, 1 left on base; Milton 6 - Sioux Falls 1
TOP OF THE 5TH
Milton Dogfish Head batting - Pitching for Sioux Falls Red Pandas : LHP José Puente
Batting: RHB Bobby Norris 0-0: Ball
1-0: Swinging Strike
1-1: Ball
2-1: Called Strike
2-2: Fly out, F9 (Line Drive, 9D, EV 88.1 MPH)
Batting: RHB Ivano Pohvisnev 0-0: Ball
1-0: Called Strike
1-1: SINGLE (Line Drive, 8RS, EV 92.5 MPH)
Batting: LHB King Rutledge 0-0: Ball
1-0: Ball
2-0: Ball
3-0: Base on Balls
Ivano Pohvisnev to second
Batting: RHB Cédric Causse 0-0: Ground out 5-3 (Groundball, 56S, EV 70.0 MPH)
Ivano Pohvisnev to third
King Rutledge to second
Batting: RHB Rafael Riquelme 0-0: Foul Ball, location: 2F
0-1: Ball
1-1: Ball
2-1: Fly out, F7 (Flyball, 78M, EV 88.1 MPH)
Top of the 5th over - 0 runs, 1 hit, 0 errors, 2 left on base; Milton 6 - Sioux Falls 1
BOTTOM OF THE 5TH
Sioux Falls Red Pandas batting - Pitching for Milton Dogfish Head : LHP Nick Hayes
Batting: RHB Syed Sarkar 0-0: Ball
1-0: Ground out 6-3 (Groundball, 6, EV 78.1 MPH)
Batting: RHB Eugene Bradley 0-0: Ball
1-0: Called Strike
1-1: Called Strike
1-2: Ground out 1-3 (Groundball, 34S, EV 87.5 MPH)
Batting: RHB Felipe Campos 0-0: Called Strike
0-1: Foul Ball, location: 2F
0-2: Ball
1-2: Ball
2-2: Ball
3-2: Foul Ball, location: 2F
3-2: Fly out, F8 (Line Drive, 8RD, EV 86.9 MPH)
Bottom of the 5th over - 0 runs, 0 hits, 0 errors, 0 left on base; Milton 6 - Sioux Falls 1
TOP OF THE 6TH
Milton Dogfish Head batting - Pitching for Sioux Falls Red Pandas : LHP José Puente
Batting: RHB Anthony Hollis 0-0: Ball
1-0: DOUBLE (Line Drive, 89XD, EV 103.8 MPH)
Batting: RHB Arnie Taylor 0-0: Ball
1-0: Swinging Strike
1-1: Foul Ball, location: 2F
1-2: Ball
2-2: Ground out 4-3 (Groundball, 34, EV 105.6 MPH)
Anthony Hollis to third
Pitching: RHP Waylon Fraser
Batting: RHB Colton Pennington 0-0: Ball
1-0: Ball
2-0: Ground out 6-3 (Groundball, 6, EV 86.9 MPH)
Anthony Hollis scores
Batting: RHB Dusan Kontic 0-0: Fly out, F8 (Flyball, 78D, EV 101.2 MPH)
Top of the 6th over - 1 run, 1 hit, 0 errors, 0 left on base; Milton 7 - Sioux Falls 1
BOTTOM OF THE 6TH
Sioux Falls Red Pandas batting - Pitching for Milton Dogfish Head : LHP Nick Hayes
Batting: RHB Shou-xin Quian 0-0: Ball
1-0: Called Strike
1-1: Ball
2-1: Swinging Strike
2-2: Ball
3-2: Base on Balls
Batting: RHB Myles Brundidge 0-0: Ball
1-0: Fly out, F7 (Flyball, 7S, EV 89.4 MPH)
Batting: LHB Tim O'Neal 0-0: Ball
1-0: Called Strike
1-1: Ball
2-1: Foul Ball, location: 2F
2-2: Foul Ball, location: 2F
2-2: Ball
3-2: Fly out, F6 (Line Drive, 6, EV 71.2 MPH)
Batting: LHB Rich Watkins 0-0: Called Strike
0-1: Ball
1-1: Ball
2-1: Ball
3-1: Base on Balls
Shou-xin Quian to second
Batting: RHB Kevin Malone 0-0: Ball
1-0: Ball
2-0: Ball
3-0: Base on Balls
Shou-xin Quian to third
Rich Watkins to second
Batting: LHB Gene Ricks 0-0: Foul Ball, location: 2F
0-1: Fly out, F7 (Flyball, 7, EV 86.2 MPH)
Bottom of the 6th over - 0 runs, 0 hits, 0 errors, 3 left on base; Milton 7 - Sioux Falls 1
TOP OF THE 7TH
Milton Dogfish Head batting - Pitching for Sioux Falls Red Pandas : RHP Waylon Fraser
Batting: RHB Bobby Norris 0-0: Ball
1-0: Ball
2-0: Called Strike
2-1: SINGLE (Flyball, 7S, EV 88.8 MPH)
Batting: RHB Ivano Pohvisnev 0-0: Ball
Bobby Norris is caught stealing 2nd base 2-4
1-0: Called Strike
1-1: Foul Ball, location: 2F
1-2: Foul Ball, location: 2F
1-2: SINGLE (Line Drive, 6D, EV 108.1 MPH)
Batting: LHB King Rutledge 0-0: Ball
1-0: Ball
Wild Pitch!
Ivano Pohvisnev to second
2-0: Fly out, F7 (Flyball, 7, EV 91.9 MPH)
Batting: RHB Cédric Causse 0-0: Ground out 1-3 (Groundball, P, EV 86.9 MPH)
Top of the 7th over - 0 runs, 2 hits, 0 errors, 1 left on base; Milton 7 - Sioux Falls 1
BOTTOM OF THE 7TH
Sioux Falls Red Pandas batting - Pitching for Milton Dogfish Head : LHP Nick Hayes
Batting: RHB Syed Sarkar 0-0: Ball
1-0: DOUBLE (Flyball, 8RXD, EV 94.4 MPH)
Batting: RHB Eugene Bradley 0-0: Ball
1-0: Ball
2-0: Ball
3-0: Base on Balls
Pitching: RHP Ki-tong Teoh
Batting: RHB Felipe Campos 0-0: Ball
1-0: Foul Ball, location: 2F
1-1: SINGLE (Groundball, 34S, EV 87.5 MPH) (infield hit)
Syed Sarkar to third
Eugene Bradley to second
Batting: RHB Shou-xin Quian 0-0: Foul Ball, location: 2F
0-1: Foul Ball, location: 2F
0-2: Ball
1-2: Foul Ball, location: 2F
1-2: Foul Ball, location: 2F
1-2: Ball
2-2: Foul Ball, location: 2F
2-2: Foul Ball, location: 2F
2-2: Fly out, F8 (Flyball, 8RS, EV 93.1 MPH)
Batting: RHB Myles Brundidge 0-0: Foul Ball, location: 2F
0-1: Fly out, F8 (Line Drive, 8LM, EV 91.9 MPH)
Batting: LHB Tim O'Neal 0-0: Ball
1-0: Fielders Choice at 2nd, U4 (Groundball, 4M, EV 87.5 MPH)
Bottom of the 7th over - 0 runs, 2 hits, 0 errors, 3 left on base; Milton 7 - Sioux Falls 1
TOP OF THE 8TH
Milton Dogfish Head batting - Pitching for Sioux Falls Red Pandas : RHP Waylon Fraser
Batting: RHB Rafael Riquelme 0-0: Called Strike
0-1: Ball
1-1: Ball
2-1: Fly out, F8 (Flyball, 78D, EV 97.5 MPH)
Batting: RHB Anthony Hollis 0-0: Called Strike
0-1: Swinging Strike
0-2: Ball
1-2: Foul Ball, location: 2F
1-2: Fly out, F3 (Popup, 23F, EV 77.5 MPH)
Batting: RHB Arnie Taylor 0-0: Ball
1-0: Called Strike
1-1: Foul Ball, location: 2F
1-2: Foul Ball, location: 2F
1-2: Strikes out looking
Top of the 8th over - 0 runs, 0 hits, 0 errors, 0 left on base; Milton 7 - Sioux Falls 1
BOTTOM OF THE 8TH
Sioux Falls Red Pandas batting - Pitching for Milton Dogfish Head : RHP Ki-tong Teoh
Batting: LHB Rich Watkins 0-0: Ground out U3 (Groundball, 3, EV 93.1 MPH)
Batting: RHB Kevin Malone 0-0: Ball
1-0: Foul Ball, location: 2F
1-1: Called Strike
1-2: Ball
2-2: Foul Ball, location: 2F
2-2: Foul Ball, location: 2F
2-2: Foul Ball, location: 2F
2-2: SINGLE (Line Drive, 34, EV 98.8 MPH)
Batting: LHB Gene Ricks 0-0: Grounds into double play, 4-6-3 (Groundball, 4, EV 91.2 MPH)
Bottom of the 8th over - 0 runs, 1 hit, 0 errors, 0 left on base; Milton 7 - Sioux Falls 1
TOP OF THE 9TH
Milton Dogfish Head batting - Pitching for Sioux Falls Red Pandas : RHP Waylon Fraser
Batting: RHB Colton Pennington 0-0: Ball
1-0: Called Strike
1-1: Called Strike
1-2: Ball
2-2: Ball
3-2: Foul Ball, location: 2F
3-2: Base on Balls
Batting: RHB Dusan Kontic 0-0: Ball
1-0: Swinging Strike
1-1: SINGLE (Groundball, 34S, EV 85.0 MPH) (infield hit)
Colton Pennington to second
Batting: RHB Bobby Norris 0-0: Ball
1-0: Foul Ball, location: 2F
1-1: Swinging Strike
1-2: Ball
2-2: Ball
3-2: Foul Ball, location: 2F
3-2: Strikes out swinging
Pitching: RHP Chris Rice
Batting: RHB Ivano Pohvisnev 0-0: Ball
1-0: Foul Ball, location: 2F
1-1: SINGLE (Groundball, 34S, EV 79.4 MPH) (infield hit)
Colton Pennington to third
Dusan Kontic to second
Batting: LHB King Rutledge 0-0: Ball
1-0: Grounds into double play, 6-4-3 (Groundball, 6, EV 81.9 MPH)
Top of the 9th over - 0 runs, 2 hits, 0 errors, 2 left on base; Milton 7 - Sioux Falls 1
BOTTOM OF THE 9TH
Sioux Falls Red Pandas batting - Pitching for Milton Dogfish Head : RHP Ki-tong Teoh
Batting: RHB Syed Sarkar 0-0: Fly out, F4 (Popup, 4M, EV 56.9 MPH)
Batting: RHB Eugene Bradley 0-0: Ball
1-0: Ball
2-0: Ball
3-0: Called Strike
3-1: Fly out, F7 (Flyball, 7S, EV 92.5 MPH)
Batting: RHB Felipe Campos 0-0: Foul Ball, location: 2F
0-1: Ball
1-1: Called Strike
1-2: Ball
2-2: Ball
3-2: Foul Ball, location: 2F
3-2: SINGLE (Groundball, 6MD, EV 95.0 MPH)
Batting: RHB Shou-xin Quian 0-0: Called Strike
0-1: Ball
1-1: Called Strike
1-2: Ball
2-2: Foul Ball, location: 2F
2-2: Foul Ball, location: 2F
2-2: Strikes out looking
Bottom of the 9th over - 0 runs, 1 hit, 0 errors, 1 left on base; Milton 7 - Sioux Falls 1
Friday, March 26th, 2021 - OOTP Baseball 20.8 Build 74